 Dungeon Crawl Stone Soup version 0.25-a0-589-g1e14c549ee (webtiles) character file.

Game seed: 11927066632291474225, levelgen mode: deterministic

233080 sanka the Gelid (level 19, -8/155 HPs)
             Began as a Barachi Ice Elementalist on Mar 8, 2020.
             Was the Champion of Vehumet.
             Mangled by a slime creature (30 damage)
             ... on level 1 of the Vaults on Mar 10, 2020.
             The game lasted 02:06:27 (43655 turns).

sanka the Gelid (Barachi Ice Elementalist)         Turns: 43655, Time: 02:06:28

Health: -8/155     AC: 16    Str:  9 (10) XL:     19   Next: 10%
Magic:  27/36      EV: 21    Int: 18 (21) God:    Vehumet [******]
Gold:   1087       SH: 11    Dex: 15      Spells: 18/45 levels left

rFire    x . .     SeeInvis .   a - +9 double sword (vorpal)
rCold    + . .     Gourm    .   L - +2 kite shield {AC+3}
rNeg     . . .     Faith    .   U - +2 robe {Archmagi}
rPois    +         Spirit   .   o - +2 helmet
rElec    .         Reflect  .   r - +2 cloak
rCorr    .         Harm     .   (no gloves)
MR       +....                  w - +2 pair of boots
Stlth    ++........             W - amulet of the acrobat
HPRegen  0.35/turn              S - ring of poison resistance
MPRegen  0.25/turn              P - ring of ice

@: marked, no potions, slow
A: +LOS, swims, slowness 1, strong legs 2
}: 2/15 runes: decaying, gossamer
a: Hop, Renounce Religion


You were on level 1 of the Vaults.
You worshipped Vehumet.
Vehumet was exalted by your worship.
You were very hungry.

You visited 7 branches of the dungeon, and saw 33 of its levels.
You also visited: Ossuary.

You collected 3179 gold pieces.
You spent 2092 gold pieces at shops.


Innate Abilities, Weirdness & Mutations

You can be seen from farther away. (+LOS)
You can swim through water.
You cover ground slowly.
You can hop long distances.


   Skills:
 - Level 15.0 Fighting
 - Level 16.0 Long Blades
 - Level 15.0 Dodging
 - Level 1.7 Stealth
 + Level 6.7 Shields
 * Level 13.8 Spellcasting
 - Level 8.0 Conjurations
 - Level 4.0 Summonings
 - Level 19.0 Ice Magic
 - Level 4.0 Air Magic
 - Level 8.0 Evocations


You had 18 spell levels left.
You knew the following spells:

 Your Spells              Type           Power        Failure   Level  Hunger
a - Ozocubu's Armour      Chrm/Ice       #######.     1%          3    None
u - Hailstorm             Conj/Ice       #######.     1%          4    #......
x - Summon Ice Beast      Ice/Summ       #######.     1%          4    #......
y - Frozen Ramparts       Ice            ######       0%          3    None
z - Ozocubu's Refrigerat  Ice            ########..   1%          6    ######.
C - Freezing Cloud        Conj/Ice/Air   #######...   10%         6    ######.
X - Freeze                Ice            ####         0%          1    None

Your spell library contained the following spells:

 Spells                   Type           Power        Failure   Level  Hunger
 Chain Lightning          Conj/Air       ######....   100%        8    #######
 Ignition                 Fire           ###.......   100%        8    #######
 Tornado                  Air            #####.....   100%        9    #######
 Magic Dart               Conj           ####         1%          1    None
 Searing Ray              Conj           ######       1%          2    None
 Conjure Flame            Conj/Fire      #####...     2%          3    None
 Dazzling Flash           Conj/Hex       #####.       2%          3    None
 Mephitic Cloud           Conj/Pois/Air  #####...     2%          3    None
 Summon Small Mammal      Summ           ####         3%          1    None
 Ice Form                 Ice/Tmut       #######.     3%          4    #......
 Call Imp                 Summ           #####...     4%          2    None
 Call Canine Familiar     Summ           #####...     9%          3    None
 Fulminant Prism          Conj/Hex       #####.....   9%          4    #......
 Iskenderun's Mystic Bla  Conj/Tloc      #####...     9%          4    #......
 Metabolic Englaciation   Hex/Ice        #######...   9%          5    ####...
 Poisonous Vapours        Pois/Air       ####..       11%         2    None
 Ignite Poison            Fire/Tmut/Pois ###.....     13%         3    None
 Beastly Appendage        Tmut           ###...       16%         1    None
 Summon Guardian Golem    Hex/Summ       ####....     21%         3    None
 Irradiate                Conj/Tmut      #####.....   21%         5    ####...
 Iskenderun's Battlesphe  Conj/Chrm      #####...     21%         5    ####...
 Blink                    Tloc           N/A          24%         2    None
 Slow                     Hex            ###.....     24%         2    None
 Sublimation of Blood     Necr           ###.......   24%         2    None
 Summon Lightning Spire   Summ/Air       #####...     30%         4    #......
 Bolt of Magma            Conj/Fire/Erth ####......   34%         5    ####...
 Olgreb's Toxic Radiance  Pois           ###.....     36%         4    #......
 Simulacrum               Ice/Necr       #######...   43%         6    ######.
 Iron Shot                Conj/Erth      #####.....   71%         6    ######.
 Orb of Destruction       Conj           ######....   73%         7    #######
 Petrify                  Tmut/Erth      ###.....     83%         4    #......
 Spellforged Servitor     Conj/Summ      ######....   93%         7    #######
 Alistair's Intoxication  Tmut/Pois      ###.....     99%         5    ####...
 Eringya's Noxious Bog    Tmut/Pois      ###.......   100%        6    ######.
 Hydra Form               Tmut           ###.......   100%        6    ######.
 Statue Form              Tmut/Erth      ###......    100%        6    ######.
 Ring of Flames           Chrm/Fire      ###.......   100%        7    #######

Inventory:

Hand Weapons
 a - a +9 vorpal double sword (weapon)
Armour
 o - a +2 helmet (worn)
 p - a +2 buckler of cold resistance
 r - a +2 cloak (worn)
 w - a +2 pair of boots (worn)
 L - a +2 kite shield of protection (worn)
 U - a +2 robe of the Archmagi (worn)
Magical Staves
 O - an uncursed staff of conjuration {!a}
Jewellery
 f - an uncursed amulet of magic regeneration
 C - a +3 ring of intelligence
 I - an uncursed ring of protection from fire
 P - a ring of ice (right hand)
 S - a ring of poison resistance (left hand)
 W - an amulet of the acrobat (around neck)
Wands
 d - a wand of digging (5)
 l - a wand of disintegration (8)
 q - a wand of acid (17)
 x - a wand of iceblast (8)
 Q - a wand of polymorph (20)
 V - a wand of paralysis (16)
 Y - a wand of enslavement (20)
 Z - a wand of clouds (5)
Scrolls
 b - 2 scrolls of amnesia
 i - 2 scrolls of holy word
 n - 24 scrolls of teleportation {@r4}
 s - 13 scrolls of remove curse
 u - 2 scrolls of brand weapon
 y - 2 scrolls of summoning
 D - 4 scrolls of enchant weapon
 F - 14 scrolls of immolation {!r}
 G - 8 scrolls of magic mapping
 H - 11 scrolls of fear
 J - 5 scrolls of enchant armour
 K - a scroll of silence {!r}
 R - 4 scrolls of blinking
 X - 4 scrolls of fog
Potions
 e - 2 potions of degeneration {unknown}
 g - 7 potions of curing {@q1}
 h - 2 potions of magic {unknown}
 j - 6 potions of brilliance
 k - 9 potions of flight
 m - 8 potions of might
 t - 2 potions of resistance {unknown}
 v - 10 potions of ambrosia
 z - 4 potions of haste {unknown}
 A - 2 potions of mutation {unknown}
 B - 7 potions of lignification {!q}
 E - 8 potions of heal wounds {@q2}
 M - 4 potions of cancellation
 N - a potion of experience {unknown}
Comestibles
 c - 25 rations
 T - a chunk of flesh

Dungeon Overview and Level Annotations

Branches:
Dungeon (15/15)            Temple (1/1) D:7            Lair (6/6) D:8
  Swamp (4/4) Lair:2       Spider (4/4) Lair:2        Slime (0/5) Lair:5
    Orc (2/2) D:11            Elf (0/3) Orc:2        Vaults (1/5) D:13
 Depths (0/5) D:15        Ossuary (visited)

Altars:
Ashenzari
Cheibriados
Dithmenos
Elyvilon
Fedhas
Gozag
Hepliaklqana
Kikubaaqudgha
Makhleb
Nemelex Xobeh
Okawaru
Qazlal
Ru
Sif Muna
Trog
Uskayaw
Vehumet
Wu Jian
Xom
Yredelemnul
Zin
The Shining One
Beogh
Jiyva

Shops:
D:7 *   D:10 ?   D:12 :=(%   D:15 ( Orc:2

(*[= ▒. .. ..▒
▒.▒▒▒+▒▒▒▒..▒
▒▒▒▒...........▒▒▒▒
.......=...........
...................
...................
.....).............
...)...J...........
▒))JF†(........
▒..C..▒▒▒▒▒▒▒▒▒
▒.....▒ ...▒▒
▒.....▒ ....▒▒
▒.....▒▒ ▒▒....▒▒
▒).())▒.▒▒▒......▒
▒.....▒..▒..∩....▒
▒..(.(▒.......▒..▒
▒.....▒......▒▒ ▒


You could see a stone giant, a large slime creature and a slime creature.


Message History

The vault sentinel simulacrum is severely damaged.
You block the vault sentinel simulacrum's attack.
You slash the vault sentinel simulacrum!
The vault sentinel simulacrum vapourises!
Vehumet accepts your kill.
The ironbrand convoker barely misses you.
You slice the ironbrand convoker!!
The ironbrand convoker is heavily wounded.
The stone giant throws a large rock.
The large rock hits you but does no damage.
The ironbrand convoker hits you with a +0 morningstar.
* * * LOW HITPOINT WARNING * * *
You slash the ironbrand convoker!
The ironbrand convoker is severely wounded.
Unknown command.
You slash the ironbrand convoker!
You kill the ironbrand convoker!
Vehumet accepts your kill.
A very large slime creature splits.
Unknown command.
You slice the large slime creature!!
The large slime creature is lightly wounded.
The large slime creature hits you!!!
* * * LOW HITPOINT WARNING * * *
Unknown command.
Eat one of 2 chunks of flesh? (ye/n/q)
You eat one of the 2 chunks of flesh.
You are feeling very hungry.
The slime creature hits you!!
You die...

Action                   |  1- 3 |  4- 6 |  7- 9 | 10-12 | 13-15 | 16-18 | 19-21 || total
-------------------------+-------+-------+-------+-------+-------+-------+-------++-------
Melee: Spear             |    58 |    50 |       |       |       |       |       ||   108
       Falchion          |       |       |   124 |    41 |       |       |       ||   165
       Eveningstar       |       |       |       |   119 |     9 |       |       ||   128
       Double sword      |       |       |       |       |   416 |   438 |    13 ||   867
 Cast: Freeze            |    45 |    83 |   128 |   229 |   247 |     6 |       ||   738
       Ozocubu's Armour  |     2 |     3 |    23 |    35 |    50 |    46 |       ||   159
       Frozen Ramparts   |       |     3 |    13 |    25 |    26 |     4 |       ||    71
       Hailstorm         |       |       |     2 |    14 |       |       |       ||    16
       Ozocubu's Refrige |       |       |       |    23 |   100 |   215 |     8 ||   346
       Freezing Cloud    |       |       |       |       |     5 |       |       ||     5
 Abil: Hop               |       |       |     1 |     3 |     1 |     3 |       ||     8
Evoke: Wand              |       |     1 |       |     8 |    21 |     7 |     3 ||    40
  Use: Scroll            |       |     7 |     4 |     5 |    17 |    12 |       ||    45
       Potion            |       |       |     1 |     1 |       |     3 |       ||     5
 Stab: Sleeping          |     3 |     6 |       |       |     1 |     1 |       ||    11
       Paralysed         |       |       |       |     1 |       |       |       ||     1
  Eat: Chunk             |     3 |     8 |    14 |    28 |    75 |    88 |     1 ||   217
       Ration            |       |     1 |     1 |     2 |     6 |    10 |       ||    20
Armor: Robe              |    17 |    25 |    65 |   103 |   123 |   160 |     1 ||   494
Dodge: Dodged            |    48 |    64 |   170 |   351 |   588 |   639 |    11 ||  1871
Block: Kite shield       |       |     5 |       |       |       |    30 |     3 ||    38
       Buckler           |       |     2 |    71 |   115 |   174 |   190 |       ||   552
       Rpst.: Falchion   |       |     1 |    49 |    34 |       |       |       ||    84
       Double sword      |       |       |       |       |   146 |    89 |     2 ||   237

Levels and vault maps discovered:
D:1:      dpeg_arrival_lava_temple_mockup, layout_loops_corners,
          minmay_misc_feat_columns
D:2:      layout_rooms, first_ration, minmay_misc_feat_encased,
          due_unseen_surprise, uniq_robin
D:3:      layout_loops_ring, minmay_misc_feat_cross,
          minmay_fractal_squares_gapless_5
D:4:      layout_rooms, zin_statuary, tso_metal_star
D:5:      layout_basic, enter_ossuary_3, grunt_ministairs_12,
          kennysheep_generic_room_7
D:6:      layout_basic, marbit_many_paths
D:7:      layout_cave_pools, grunt_temple_overflow_lords_of_destruction,
          nicolae_overflow_quartered_altars, temple_statues, serial_shops,
          kennysheep_little_box, uniq_pikel
D:8:      layout_rooms, okawaru_trees_2, overflow_temple_1_default,
          lair_entry_dummy
D:9:      layout_cave_pools, slow_altar_1, hangedman_little_slice_of_home,
          lightli_minifort
D:10:     layout_basic, serial_shops,
          nicolae_shop_temple_entry_statues_fountains, nzn_random_ring
D:11:     layout_cave_pools, orc_0_dummy, serial_park, serial_park_paths
          [serial_park_minivault_5x5_2], serial_park_square2
D:12:     layout_stronghold, serial_shops, nicolae_shop_behind_doors, shop,
          shop, kennysheep_mini, st_stairs_2, xom_teletrap_fun
D:13:     layout_loops_ring, grunt_vaults_entry_tiered
D:14:     layout_loops_cross, hangedman_decor_growths, gammafunk_ghost_split
D:15:     grunt_enter_depths_magical_seal, layout_rooms, serial_shops,
          nicolae_shop_trees
Temple:   minmay_temple_curvy_loop
Lair:1:   layout_cave_pods, basic_altar
Lair:2:   layout_cave_pods, swamp_mist, spider_nest_entry_a, lemuel_fruit_tree,
          grunt_megastairs_2
Lair:3:   layout_cave_pods
Lair:4:   layout_long_grid
Lair:5:   layout_gridlike, slime_altar_1, minivault_25
Lair:6:   wormcave, layout_misc_corridors, wad_woods_06, serial_bayou_pond_c
Swamp:1:  layout_basic_swamp, hangedman_swamp_lotus, swamp_pool5
Swamp:2:  layout_falls_marsh, evilmike_swamp_ruin_house_3, swamp_pool1
Swamp:3:  layout_basic_swamp, evilmike_swamp_ruin_house_5, swamp_pool2
Swamp:4:  swamp_basic_johnstein, layout_basic_swamp
Spider:1: layout_spider_delve
Spider:2: layout_chambers, minmay_another_anthill
Spider:3: layout_spider_delve
Spider:4: guppyfry_spider_rune, drop_trap
Orc:1:    layout_caves, trog_book
Orc:2:    grunt_orc_cross, layout_caves, basic_altar
Vaults:1: nicolae_vaults_minivaults, hangedman_vaults_maws,
          nicolae_vaults_angled_halls, v_pattern_3, nicolae_vaults_shelves_hall,
          vaults_dpeg_hooks, ontoclasm_vaults_bender,
          nicolae_vaults_little_squares_4, layout_vaults_omnigrid, serial_shops,
          bzr_in_the_mist

Notes
Turn   | Place    | Note
-------+----------+-------------------------------------------
     0 | D:1      | sanka the Barachi Ice Elementalist began the quest for the
                  | Orb.
     0 | D:1      | Reached XP level 1. HP: 13/13 MP: 3/3
   265 | D:1      | Reached skill level 5 in Ice Magic
   343 | D:1      | Reached XP level 2. HP: 12/19 MP: 3/5
   875 | D:1      | Reached XP level 3. HP: 15/24 MP: 2/7
   880 | D:1      | Learned a level 3 spell: Frozen Ramparts
   884 | D:1      | Learned a level 3 spell: Ozocubu's Armour
  1012 | D:1      | Reached skill level 3 in Spellcasting
  1691 | D:2      | Reached XP level 4. HP: 21/30 MP: 0/9
  2081 | D:2      | Noticed Robin
  2104 | D:2      | Killed Robin
  2104 | D:2      | Reached skill level 6 in Ice Magic
  2525 | D:2      | Reached XP level 5. HP: 28/35 MP: 5/10
  2595 | D:2      | Reached skill level 4 in Spellcasting
  3031 | D:3      | Reached skill level 7 in Ice Magic
  3216 | D:3      | Reached XP level 6. HP: 41/41 MP: 5/12
  3252 | D:3      | Learned a level 4 spell: Summon Ice Beast
  3960 | D:4      | Noticed an orc warrior
  3963 | D:4      | Reached skill level 1 in Summonings
  4224 | D:4      | Reached skill level 1 in Shields
  4228 | D:4      | HP: 3/41 [orc priest/nerve-wracking pain (6)]
  4230 | D:4      | Killed an orc warrior
  4230 | D:4      | Reached skill level 2 in Summonings
  4526 | D:4      | Reached skill level 2 in Shields
  4534 | D:4      | Reached XP level 7. HP: 29/46 MP: 4/13
  4688 | D:4      | Found a glowing silver altar of Zin.
  4734 | D:4      | Reached skill level 8 in Ice Magic
  4811 | D:4      | Reached skill level 3 in Summonings
  4898 | D:4      | Reached skill level 3 in Shields
  5292 | D:4      | Found a glowing golden altar of the Shining One.
  5526 | D:5      | Entered Level 5 of the Dungeon
  6003 | D:5      | Reached skill level 3 in Dodging
  6003 | D:5      | Reached XP level 8. HP: 47/52 MP: 10/14
  6049 | D:5      | Reached skill level 4 in Summonings
  6082 | D:5      | Learned a level 4 spell: Hailstorm
  6125 | D:5      | Found a sand-covered staircase.
  6138 | Ossuary  | Entered an ossuary
  6153 | Ossuary  | Reached skill level 9 in Ice Magic
  6279 | Ossuary  | Reached skill level 1 in Conjurations
  6652 | D:6      | Reached skill level 4 in Shields
  6995 | D:6      | Reached skill level 4 in Dodging
  6995 | D:6      | Reached skill level 2 in Conjurations
  7479 | D:6      | Reached skill level 10 in Ice Magic
  7575 | D:6      | Reached XP level 9. HP: 57/57 MP: 11/16
  7659 | D:6      | Reached skill level 3 in Conjurations
  7918 | D:6      | Reached skill level 5 in Spellcasting
  7970 | D:6      | Found a hazy altar of Hepliaklqana.
  8284 | D:7      | Noticed a cyan ugly thing
  8399 | D:7      | Killed a cyan ugly thing
  8399 | D:7      | Reached skill level 5 in Dodging
  8399 | D:7      | Reached skill level 4 in Conjurations
  8399 | D:7      | Reached skill level 11 in Ice Magic
  8847 | D:7      | Found a staircase to the Ecumenical Temple.
  8860 | D:7      | Reached skill level 6 in Spellcasting
  8868 | Temple   | Entered the Ecumenical Temple
  9088 | D:7      | Found a shattered altar of Ashenzari.
  9088 | D:7      | Found a bloodstained altar of Trog.
  9089 | D:7      | Found a blossoming altar of Fedhas.
  9098 | D:7      | Found a white marble altar of Elyvilon.
  9217 | D:7      | Noticed Pikel
  9232 | D:7      | Killed Pikel
  9232 | D:7      | Reached skill level 6 in Dodging
  9232 | D:7      | Reached XP level 10. HP: 44/63 MP: 4/19
  9281 | D:7      | Reached skill level 7 in Dodging
  9313 | D:7      | Found a burning altar of Makhleb.
  9313 | D:7      | Found a radiant altar of Vehumet.
  9371 | D:7      | Became a worshipper of Vehumet
  9431 | D:7      | Found Lieki's Assorted Antiques.
  9542 | D:8      | Reached skill level 1 in Fighting
  9566 | D:8      | Reached skill level 12 in Ice Magic
  9684 | D:8      | Found an iron altar of Okawaru.
  9699 | D:8      | Reached skill level 2 in Fighting
  9911 | D:8      | Found a hide-covered altar of Uskayaw.
  9916 | D:8      | Found a staircase to the Lair.
 10387 | D:9      | Reached * piety under Vehumet
 10387 | D:9      | Offered knowledge of Foxfire by Vehumet.
 10388 | D:9      | Reached skill level 3 in Fighting
 10676 | D:9      | Reached skill level 8 in Dodging
 10825 | D:9      | Found a snail-covered altar of Cheibriados.
 10843 | D:9      | Reached skill level 4 in Fighting
 11027 | D:9      | Noticed a cyclops
 11043 | D:9      | Killed a cyclops
 11342 | D:7      | Bought a glowing eveningstar for 612 gold pieces
 11401 | D:10     | Entered Level 10 of the Dungeon
 11454 | D:10     | Reached skill level 5 in Fighting
 11779 | D:10     | Noticed a two-headed ogre
 11792 | D:10     | Killed a two-headed ogre
 11792 | D:10     | Reached skill level 6 in Fighting
 11792 | D:10     | Reached skill level 9 in Dodging
 12063 | D:10     | Reached XP level 11. HP: 57/83 MP: 14/20
 12069 | D:10     | Reached skill level 7 in Fighting
 12282 | D:10     | Reached ** piety under Vehumet
 12282 | D:10     | Offered knowledge of Sandblast by Vehumet.
 12482 | D:10     | Found Mestywn's Magic Scroll Shop.
 12800 | D:10     | Reached skill level 10 in Dodging
 12914 | D:10     | Noticed a fire giant
 12919 | D:10     | Reached skill level 8 in Fighting
 12929 | D:10     | Killed a fire giant
 13040 | D:10     | Reached skill level 9 in Fighting
 13373 | D:10     | Learned a level 6 spell: Ozocubu's Refrigeration
 13394 | D:11     | Noticed a purple ugly thing
 13407 | D:11     | Killed a purple ugly thing
 13407 | D:11     | Reached skill level 1 in Evocations
 13415 | D:10     | Offered knowledge of Stone Arrow by Vehumet.
 13415 | D:10     | Reached skill level 2 in Evocations
 13706 | D:11     | Reached *** piety under Vehumet
 13706 | D:11     | Reached skill level 3 in Evocations
 14090 | D:11     | Found a staircase to the Orcish Mines.
 14114 | D:11     | Noticed a white ugly thing
 14125 | D:11     | Killed a green ugly thing
 14125 | D:11     | Reached skill level 4 in Evocations
 14411 | Orc:1    | Entered Level 1 of the Orcish Mines
 14411 | Orc:1    | Noticed an orc high priest
 14416 | Orc:1    | Noticed an orc sorcerer
 14417 | Orc:1    | Offered knowledge of Ignite Poison by Vehumet.
 14418 | Orc:1    | Killed an orc sorcerer
 14418 | Orc:1    | Reached skill level 7 in Spellcasting
 14418 | Orc:1    | Reached XP level 12. HP: 95/95 MP: 13/22
 14419 | Orc:1    | Killed an orc high priest
 14419 | Orc:1    | Reached skill level 13 in Ice Magic
 14435 | Orc:1    | Reached skill level 5 in Evocations
 14462 | D:11     | HP: 1/95 [orc knight/+0 dire flail (12)]
 14464 | D:11     | Reached **** piety under Vehumet
 14946 | Orc:1    | Found a bloodstained altar of Trog.
 15039 | Orc:2    | Entered Level 2 of the Orcish Mines
 15187 | Orc:2    | Offered knowledge of Sticky Flame by Vehumet.
 15201 | Orc:2    | Noticed a two-headed ogre
 15205 | Orc:2    | Killed a two-headed ogre
 15205 | Orc:2    | Reached skill level 8 in Spellcasting
 15205 | Orc:2    | Reached skill level 6 in Evocations
 15317 | Orc:2    | Learned a level 6 spell: Freezing Cloud
 15358 | Orc:2    | Noticed an orc warlord
 15367 | Orc:2    | Reached skill level 1 in Air Magic
 15370 | Orc:2    | Killed an orc warlord
 15370 | Orc:2    | Reached skill level 2 in Air Magic
 15719 | Orc:2    | Reached skill level 7 in Evocations
 15726 | Orc:2    | Reached skill level 5 in Conjurations
 15812 | Orc:2    | Noticed an orc high priest
 15815 | Orc:2    | Reached ***** piety under Vehumet
 15815 | Orc:2    | Offered knowledge of Lightning Bolt by Vehumet.
 15816 | Orc:2    | Killed an orc high priest
 15816 | Orc:2    | Reached skill level 3 in Air Magic
 15818 | Orc:2    | Reached skill level 14 in Ice Magic
 15821 | Orc:2    | Identified a +2 robe of the Archmagi
 15831 | Orc:2    | Noticed a soul eater
 15844 | Orc:2    | Gained mutation: You can hop long distances. [Barachi
                  | growth]
 15844 | Orc:2    | Reached XP level 13. HP: 32/101 MP: 13/25
 16386 | Orc:2    | Reached skill level 4 in Air Magic
 16403 | Orc:2    | Found a roughly hewn altar of Beogh.
 16441 | Orc:2    | Found Veoxuts's Antique Armour Shoppe.
 16441 | Orc:2    | Found Laqizxuq's Antique Weapon Shoppe.
 16443 | Orc:2    | Reached skill level 6 in Conjurations
 16580 | Orc:2    | Found Mavag's Jewellery Shoppe.
 16580 | Orc:2    | Found Rouliaba's General Store.
 16660 | Orc:2    | Found a staircase to the Elven Halls.
 16856 | Orc:2    | Found a roughly hewn altar of Beogh.
 16964 | Orc:1    | Reached skill level 8 in Evocations
 17060 | Orc:1    | Reached skill level 7 in Conjurations
 17585 | Orc:2    | Bought a glowing double sword for 594 gold pieces
 17722 | Lair:1   | Entered Level 1 of the Lair of Beasts
 18214 | Lair:1   | Found a bloodstained altar of Trog.
 18963 | Lair:2   | Found a staircase to the Swamp.
 19133 | Lair:2   | Reached skill level 15 in Ice Magic
 19146 | Lair:2   | Reached skill level 8 in Conjurations
 19279 | Lair:2   | Found a hole to the Spider Nest.
 20870 | Lair:4   | Reached skill level 16 in Ice Magic
 21757 | Lair:5   | Reached XP level 14. HP: 108/108 MP: 20/26
 21854 | Lair:5   | Reached skill level 17 in Ice Magic
 21854 | Lair:5   | Offered knowledge of Conjure Ball Lightning by Vehumet.
 21857 | Lair:5   | Reached skill level 11 in Dodging
 22290 | Lair:5   | Reached skill level 10 in Fighting
 22415 | Lair:5   | Found a viscous altar of Jiyva.
 22415 | Lair:5   | Found a staircase to the Slime Pits.
 22757 | Lair:6   | Entered Level 6 of the Lair of Beasts
 23248 | Lair:6   | Reached skill level 12 in Dodging
 23397 | Lair:6   | Reached skill level 11 in Fighting
 24115 | Lair:6   | Found a runed translucent door.
 24675 | Lair:6   | Reached skill level 12 in Fighting
 24910 | Lair:6   | Got an encrusted scale mail
 24921 | Lair:6   | Identified the +2 scale mail "Libig" {Str+4} (You found it
                  | on level 6 of the Lair of Beasts)
 24989 | Lair:6   | HP: 2/115 [ice dragon/blast of cold (25)]
 25786 | D:10     | Bought a scroll of acquirement for 676 gold pieces
 25881 | D:12     | Reached skill level 1 in Long Blades
 25955 | D:12     | Reached skill level 2 in Long Blades
 26106 | Orc:2    | Bought a polished leather armour for 210 gold pieces
 26116 | Orc:2    | Identified the +3 leather armour of Absence {+Fly rPois
                  | Int-5 SInv} (You bought it in a shop on level 2 of the
                  | Orcish Mines)
 26310 | D:12     | Found Xosuocw's Jewellery Shoppe.
 26325 | D:12     | Found Qotora's Weapon Shop.
 26360 | D:12     | Reached skill level 3 in Long Blades
 26462 | D:12     | Paralysed by fainting for 11 turns
 26503 | D:12     | Found a shimmering altar of Xom.
 26603 | D:12     | Reached skill level 4 in Long Blades
 26676 | D:12     | Found Citah's Book Shop.
 26872 | D:12     | Found Juwkiukk's Food Boutique.
 27017 | D:13     | Reached skill level 5 in Long Blades
 27017 | D:13     | Reached XP level 15. HP: 112/120 MP: 16/27
 27028 | D:13     | Reached skill level 6 in Long Blades
 27038 | D:13     | Reached ****** piety under Vehumet
 27210 | D:13     | Reached skill level 7 in Long Blades
 27863 | D:13     | Reached skill level 8 in Long Blades
 27864 | D:13     | Offered knowledge of Lee's Rapid Deconstruction by Vehumet.
 27907 | D:13     | Found a gate to the Vaults.
 27909 | D:13     | Reached skill level 9 in Long Blades
 28613 | D:14     | Reached skill level 10 in Long Blades
 28816 | D:14     | Noticed Cuitt's ghost (journeyman TrTm)
 28817 | D:14     | Found a runed translucent gate.
 28817 | D:14     | Found a runed translucent gate.
 28817 | D:14     | Noticed a sphinx
 28818 | D:14     | Found a runed translucent gate.
 28835 | D:14     | Identified +0 acid dragon scales
 28903 | D:14     | Reached skill level 11 in Long Blades
 29374 | D:14     | Killed a sphinx
 29374 | D:14     | Reached skill level 12 in Long Blades
 29386 | D:14     | Killed Cuitt's ghost
 29612 | D:15     | Entered Level 15 of the Dungeon
 29615 | D:15     | Reached skill level 13 in Long Blades
 29639 | D:15     | Offered knowledge of Starburst by Vehumet.
 29725 | D:15     | Reached XP level 16. HP: 116/127 MP: 7/28
 29725 | D:15     | Reached skill level 14 in Long Blades
 30127 | D:15     | Reached skill level 15 in Long Blades
 30281 | D:15     | Found Zaviucku's Antique Weapon Shoppe.
 30575 | D:15     | Found a staircase to the Depths.
 30941 | Swamp:1  | Entered Level 1 of the Swamp
 31026 | Swamp:1  | Reached skill level 16 in Long Blades
 31026 | Swamp:1  | Reached skill level 13 in Dodging
 32046 | Swamp:2  | Noticed a thorn hunter
 32060 | Swamp:2  | Killed a thorn hunter
 32693 | Swamp:2  | Identified +0 swamp dragon scales
 33139 | Swamp:3  | HP: 11/129 [poisoned by a swamp dragon (poison gas)]
 33142 | Swamp:2  | HP: 3/129 [poisoned by a swamp dragon (poison gas)]
 33525 | Swamp:3  | Identified +0 swamp dragon scales
 33825 | Swamp:3  | Noticed a thorn hunter
 33830 | Swamp:3  | Killed a thorn hunter
 34990 | Swamp:4  | Entered Level 4 of the Swamp
 35087 | Swamp:4  | Reached skill level 13 in Fighting
 35088 | Swamp:4  | Reached skill level 9 in Spellcasting
 35088 | Swamp:4  | Reached XP level 17. HP: 102/136 MP: 16/30
 35283 | Swamp:4  | Offered knowledge of Starburst by Vehumet.
 35655 | Swamp:4  | Reached skill level 14 in Dodging
 35858 | Swamp:4  | Reached skill level 10 in Spellcasting
 36509 | Swamp:4  | Reached skill level 18 in Ice Magic
 36531 | Swamp:4  | Got a decaying rune of Zot
 36825 | Spider:1 | Entered Level 1 of the Spider Nest
 37179 | Spider:1 | Offered knowledge of Starburst by Vehumet.
 37194 | Spider:1 | Reached skill level 11 in Spellcasting
 37225 | Spider:1 | Identified the Guide on Changing and Venom
 37475 | Spider:1 | Upgraded the game from 0.25-a0-583-g696c2ac64d to
                  | 0.25-a0-589-g1e14c549ee
 37780 | Spider:2 | Reached skill level 14 in Fighting
 38138 | Spider:2 | Reached XP level 18. HP: 130/146 MP: 31/33
 38204 | Spider:2 | Offered knowledge of Starburst by Vehumet.
 38212 | Spider:2 | Learned a level 6 spell: Starburst
 39818 | Spider:3 | Reached skill level 12 in Spellcasting
 40427 | Spider:3 | Offered knowledge of Chain Lightning by Vehumet.
 40427 | Spider:3 | Offered knowledge of Tornado by Vehumet.
 40427 | Spider:3 | Offered knowledge of Ignition by Vehumet.
 40983 | Spider:4 | Entered Level 4 of the Spider Nest
 41196 | Spider:4 | Reached skill level 15 in Dodging
 41597 | Spider:4 | Reached skill level 5 in Shields
 41679 | Spider:4 | HP: 14/148 [poisoned by a ghost moth]
 41685 | Spider:4 | HP: 12/148 [poisoned by a ghost moth]
 41691 | Spider:4 | HP: 11/148 [poisoned by a ghost moth]
 41699 | Spider:4 | HP: 12/148 [poisoned by a ghost moth]
 41707 | Spider:4 | HP: 12/148 [poisoned by a ghost moth]
 42385 | Spider:4 | Reached skill level 15 in Fighting
 42385 | Spider:4 | Reached skill level 13 in Spellcasting
 42909 | Spider:4 | Reached skill level 19 in Ice Magic
 43019 | Spider:4 | Got a gossamer rune of Zot
 43424 | Vaults:1 | Entered Level 1 of the Vaults
 43499 | Vaults:1 | Reached skill level 6 in Shields
 43624 | Vaults:1 | Reached XP level 19. HP: 137/155 MP: 33/36
 43655 | Vaults:1 | Mangled by a slime creature

Vanquished Creatures
  A sphinx (D:14)
  4 thorn hunters
  A fire giant (D:10)
  A vault warden (Vaults:1)
  3 ghost moths (Spider:4)
  6 emperor scorpions
  An orc warlord (Orc:2)
  5 entropy weavers
  The ghost of Cuitt the Grappler, a journeyman TrTm of Cheibriados (D:14)
  A spark wasp (Spider:4)
  A yaktaur captain (D:14)
  5 ogre magi
  2 ice dragons
  2 vault guards (D:13)
  A catoblepas (Lair:3)
  9 centaur warriors
  3 shambling mangroves
  24 hydras
  4 death yaks (Lair:5)
  11 alligators
  4 tengu warriors
  23 two-headed ogres
  3 orc high priests
  A queen ant (Spider:2)
  A spriggan berserker (Swamp:4)
  An unseen horror (D:15)
  9 swamp dragons
  A spriggan druid (Swamp:4)
  3 wizards
  A lindwurm (Lair:6)
  2 necromancers
  Pikel (D:7)
  2 deep elf magi (D:15)
  3 ironbrand convokers (Vaults:1)
  34 wolf spiders
  9 orc knights
  6 ugly things
  18 orb spiders
  4 cyclopes
  A wolf spider zombie (D:13)
  A moth of wrath (Spider:1)
  5 orc sorcerers
  2 manticores
  An ice statue (D:10)
  4 vault sentinels (Vaults:1)
  A spiny frog (shapeshifter) (Vaults:1)
  7 torpor snails
  8 spiny frogs
  A gargoyle (D:10)
  6 black mambas
  An efreet (D:13)
  A kobold demonologist (D:12)
  4 rime drakes
  8 yaktaurs
  9 demonic crawlers
  6 komodo dragons
  29 hornets
  2 tengu conjurers
  32 jumping spiders
  A troll (Orc:2)
  15 tyrant leeches
  A hornet (shapeshifter) (D:15)
  17 blink frogs
  12 dream sheep
  12 slime creatures
  A centaur simulacrum (D:14)
  12 bog bodies
  68 redbacks
  14 hippogriffs
  A meliai zombie (D:11)
  A spriggan (shapeshifter) (D:14)
  5 spriggans
  A shadow (Swamp:3)
  30 tarantellas
  39 yaks
  18 humans (D:13)
  4 wyverns
  2 wraiths
  2 basilisks
  4 hungry ghosts
  8 vampire mosquitoes
  16 swamp worms
  2 acid dragons (D:14)
  5 insubstantial wisps (Swamp:3)
  7 wargs
  11 soldier ants (Spider:2)
  9 water moccasins
  17 swamp drakes
  5 porcupines
  3 sky beasts
  36 orc warriors
  A phantom (D:10)
  3 ice beasts
  3 slaves (D:7)
  A black bear (D:10)
  A necrophage (D:12)
  4 wolves (Lair:6)
  17 ogres
  A boggart (Vaults:1)
  15 centaurs
  8 crocodiles
  6 big kobolds
  14 bullfrogs
  An elf zombie (Ossuary)
  10 scorpions
  A wyvern skeleton (D:12)
  2 water moccasin skeletons
  6 killer bees
  8 wights (D:12)
  3 electric eels
  3 howler monkeys (D:10)
  11 crimson imps
  5 centaur zombies
  A human zombie (Ossuary)
  3 quasits
  A human simulacrum (Vaults:1)
  3 bullfrog zombies
  8 jellies
  5 hounds
  26 orc wizards
  2 gnoll shamans
  23 orc priests
  A bullfrog skeleton (D:10)
  6 centaur skeletons
  8 iguanas
  7 hell rats (Lair:6)
  31 worker ants
  2 big kobold zombies (Ossuary)
  2 hound skeletons (D:10)
  2 mummies (Ossuary)
  A worker ant zombie (D:11)
  Robin (D:2)
  23 gnolls
  A howler monkey skeleton (D:10)
  5 adders
  2 shadow imps
  7 oozes
  An adder zombie (Ossuary)
  3 worms
  2 dart slugs
  6 leopard geckos
  90 orcs
  3 ball pythons
  9 bats
  5 giant cockroaches
  A gnoll zombie (D:5)
  10 hobgoblins
  12 jackals
  29 kobolds
  2 quokkas
  5 frilled lizards
  13 goblins
  A goblin zombie (Ossuary)
  5 hobgoblin zombies (Ossuary)
  3 jackal zombies (Ossuary)
  9 kobold zombies (Ossuary)
  2 leopard gecko zombies
  12 orc zombies (Ossuary)
  A quokka skeleton (D:9)
  11 rats
  25 briar patches
  A bush (Lair:6)
  29 fungi
  42 plants
1347 creatures vanquished.

Vanquished Creatures (others)
  A bush (Lair:6)
  8 fungi
  9 plants
18 creatures vanquished.

Grand Total: 1365 creatures vanquished
